 Dungeon Crawl Stone Soup version 0.25.1-2-g60ff931df9 (webtiles) character file.

Game seed: 18230166983164082529

1683 MajorAdolf the Grappler (level 9, -3/73 HPs)
             Began as a Naga Wanderer on Oct 15, 2020.
             Slain by an orc warrior
             ... wielding a +0 halberd
              (17 damage)
             ... on level 6 of the Dungeon.
             The game lasted 00:11:45 (7996 turns).

MajorAdolf the Grappler (Naga Wanderer)             Turns: 7996, Time: 00:11:45

Health: -3/73      AC: 11    Str: 15    XL:     9   Next: 2%
Magic:  9/9        EV:  7    Int: 14    God:
Gold:   256        SH:  5    Dex: 12    Spells: 8/8 levels left

rFire    . . .     SeeInvis +     - Unarmed
rCold    . . .     Gourm    .   m - +0 buckler
rNeg     . . .     Faith    .   c - +2 scale mail
rPois    +         Spirit   .   t - +1 helmet
rElec    .         Reflect  .   (no cloak)
rCorr    +         Harm     .   (no gloves)
MR       +....                  (no barding)
Stlth    +.........             (no amulet)
HPRegen  0.22/turn              g - ring of resist corrosion
MPRegen  0.11/turn              (no ring)

@: very slow
A: large, see invisible, deformed body, poison resistance, slowness 2, slow
metabolism 1, spit poison 1, AC +3
a: Spit Poison


You were on level 6 of the Dungeon.
You were not hungry.

You visited 1 branch of the dungeon, and saw 7 of its levels.

You collected 256 gold pieces.

Inventory:

Missiles
 n - 2 throwing nets (quivered)
Armour
 c - a +2 scale mail (worn)
 m - a +0 buckler (worn)
 t - a +1 helmet (worn)
Jewellery
 g - a ring of resist corrosion (left hand)
Scrolls
 d - 3 scrolls of teleportation
 e - a scroll of random uselessness {unknown}
 h - 4 scrolls of remove curse
 j - a scroll of immolation {unknown}
 k - a scroll of identify
 l - a scroll of amnesia
 o - a scroll of magic mapping
Potions
 a - a potion of ambrosia
 i - 2 potions of haste
 q - a potion of stabbing
 r - a potion of cancellation {unknown}
 s - a potion of mutation {unknown}
 u - a potion of degeneration {unknown}
Comestibles
 b - 4 chunks of flesh
 f - 6 rations


   Skills:
 - Level 2.0 Fighting
   Level 2.0 Maces & Flails
 - Level 3.2 Armour
 - Level 3.0 Stealth
 + Level 6.1 Shields
 + Level 8.2 Unarmed Combat


You had 8 spell levels left.
You didn't know any spells.
Your spell library contained the following spells:

 Spells                   Type           Power        Failure   Level  Hunger
 Animate Skeleton         Necr           N/A          73%         1    ##.....
 Apportation              Tloc           #.....       73%         1    ##.....
 Corona                   Hex            #......      73%         1    ##.....
 Summon Small Mammal      Summ           #...         73%         1    ##.....


Dungeon Overview and Level Annotations

Branches:
Dungeon (7/15)             Temple (0/1) D:6

Altars:
Cheibriados
Fedhas
Gozag
Hepliaklqana
Makhleb
Nemelex Xobeh
Okawaru
Qazlal
Trog
Wu Jian
The Shining One


Innate Abilities, Weirdness & Mutations

You cannot wear boots.
Your serpentine skin is tough. (AC +3)
You have supernaturally acute eyesight. (SInv)
Armour fits poorly on your strangely shaped body.
Your system is resistant to poisons. (rPois)
You cover ground very slowly.
You have a slow metabolism.
You can spit poison.


Message History

The orc warrior is lightly wounded.
The orc warrior hits you but does no damage.
You hit the orc warrior but do no damage.
The orc warrior is lightly wounded.
The orc warrior hits you with a +2 scimitar of electrocution!
You closely miss the orc warrior.
The orc warrior is lightly wounded.
Okay, then.
As you read the scroll of teleportation, it crumbles to dust.
You feel strangely unstable.
The orc warrior hits you with a +2 scimitar of electrocution!
* * * LOW HITPOINT WARNING * * *
The orc warrior throws a stone.
You block the stone.
The orc warrior throws a stone.
You block the stone.
You see here 2 stones.
The orc warrior throws a stone.
The stone closely misses you.
Your surroundings seem slightly different.
The orc warrior shouts!
The orc wizard shouts!
The orc warrior hits you from afar with a +0 halberd!
You die...

.'..............[.?)[.........
##..........)..(.####.........
..........(..§.((o# #.........
.........#......#.# #.........
..####.###......#.# #o........
..'.[..# #......#.. #o........
..######
#......#...##'########## ...
#......##.............). ....
#......@....#..^.....### ##...
#......##o..#........... ...
#...........o........##. ...
.......##...#........##.
....... #....o..........
..>.... #...............
........###....#........
#######........#........
#.#......#......≈≈


You could see an orc warrior, an orc wizard and an orc.

Vanquished Creatures
  Sigmund (D:6)
  An ice beast (D:3)
  2 orc warriors
  A phantom (D:4)
  A black bear (D:6)
  2 ogres
  A bullfrog (D:6)
  A scorpion (D:5)
  A howler monkey (D:6)
  2 hounds
  4 orc priests
  12 orc wizards
  2 worker ants
  4 gnolls (D:2)
  5 adders
  A shadow imp (D:5)
  An ooze (D:2)
  3 worms
  2 dart slugs
  A leopard gecko (D:6)
  23 orcs
  4 giant cockroaches
  13 goblins
  10 hobgoblins
  4 jackals (D:5)
  4 quokkas
  A ball python (D:1)
  11 bats
  3 frilled lizards
  6 kobolds
  A leopard gecko skeleton (D:4)
  2 quokka skeletons
  15 rats
145 creatures vanquished.

Notes
Turn   | Place    | Note
-------+----------+-------------------------------------------
     0 | D:1      | MajorAdolf the Naga Wanderer began the quest for the Orb.
     0 | D:1      | MajorAdolf set off with the following items: a +0 club, 2
                  | potions of lignification, a +2 scale mail, a +0 dagger, a
                  | ration
     0 | D:1      | Reached XP level 1. HP: 19/19 MP: 1/1
    44 | D:1      | Reached skill level 1 in Unarmed Combat
    70 | D:1      | Reached XP level 2. HP: 9/26 MP: 2/2
   399 | D:1      | Reached skill level 2 in Unarmed Combat
   669 | D:1      | Reached XP level 3. HP: 29/32 MP: 3/3
  1011 | D:2      | Found a sparkling altar of Nemelex Xobeh.
  1024 | D:2      | Reached skill level 3 in Unarmed Combat
  1452 | D:2      | Reached XP level 4. HP: 26/39 MP: 4/4
  1635 | D:2      | Found an ornate altar of the Wu Jian Council.
  1756 | D:2      | Reached skill level 1 in Shields
  1855 | D:2      | Found a glowing golden altar of the Shining One.
  2079 | D:2      | Reached XP level 5. HP: 44/45 MP: 5/5
  2463 | D:3      | Reached skill level 4 in Unarmed Combat
  2582 | D:3      | Noticed an ice beast
  2614 | D:3      | Killed an ice beast
  2614 | D:3      | Reached XP level 6. HP: 12/52 MP: 6/6
  3549 | D:3      | Found a blossoming altar of Fedhas.
  3674 | D:4      | Noticed a phantom
  4056 | D:4      | Killed a phantom
  4056 | D:4      | Reached skill level 5 in Unarmed Combat
  4646 | D:4      | Reached XP level 7. HP: 44/60 MP: 7/7
  4905 | D:4      | Found a bloodstained altar of Trog.
  4908 | D:4      | Found an iron altar of Okawaru.
  4909 | D:4      | Found a burning altar of Makhleb.
  4909 | D:4      | Found a snail-covered altar of Cheibriados.
  4909 | D:4      | Found a hazy altar of Hepliaklqana.
  4910 | D:4      | Found an opulent altar of Gozag.
  4910 | D:4      | Found a stormy altar of Qazlal.
  5079 | D:5      | Entered Level 5 of the Dungeon
  5622 | D:5      | Reached skill level 6 in Unarmed Combat
  6499 | D:6      | Reached XP level 8. HP: 52/67 MP: 8/8
  6571 | D:7      | Noticed a hippogriff
  6901 | D:5      | Reached skill level 7 in Unarmed Combat
  6966 | D:6      | Reached skill level 5 in Shields
  7002 | D:6      | Found a staircase to the Ecumenical Temple.
  7009 | D:6      | HP: 1/67 [orc warrior/+2 scimitar of electrocution (10)]
  7587 | D:6      | Noticed Sigmund
  7602 | D:6      | Killed Sigmund
  7638 | D:6      | Reached skill level 8 in Unarmed Combat
  7645 | D:6      | Identified the cursed +0 trident of Traps {vorpal, rPois}
  7838 | D:5      | Reached XP level 9. HP: 66/73 MP: 9/9
  7996 | D:6      | Slain by an orc warrior

Illustrated notes

Levels and vault maps discovered:
D:1:      sevenhm_arrival_forest_fort_small_3, layout_rooms, serial_glass,
          glass_columns_a, glass_columns_a
D:2:      layout_loops_ring, nicolae_tso_swordbearing_angel,
          lemuel_crystal_altar, lemuel_coloured_pillars_altar, first_ration
D:3:      layout_basic, marbit_many_paths
D:4:      layout_basic, grunt_temple_overflow_open
D:5:      layout_basic, dk_vineyard_2
D:6:      layout_basic, temple_pool_b, uniq_sigmund
D:7:      layout_gridville

Skill      XL: |  1  2  3  4  5  6  7  8 |
---------------+-------------------------+-----
Unarmed Combat | 1 2 3 4 5 6 8 |  8.2
Shields        | 1 2 3 4 6 |  6.1
Fighting       | |  2.0
Maces & Flails | |  2.0
Armour         | |  3.2
Stealth        | |  3.0

Action                   |  1- 3 |  4- 6 |  7- 9 || total
-------------------------+-------+-------+-------++-------
Melee: Unarmed           |   181 |   249 |   348 ||   778
       Punch             |     1 |       |       ||     1
 Abil: Spit Poison       |     8 |     9 |     9 ||    26
Evoke: Wand              |       |       |     6 ||     6
  Use: Potion            |       |     1 |     2 ||     3
       Scroll            |       |       |    13 ||    13
 Stab: Sleeping          |       |       |     1 ||     1
       Paralysed         |       |       |    19 ||    19
  Eat: Chunk             |     1 |     6 |     6 ||    13
       Ration            |       |     1 |     1 ||     2
Armor: Scale mail        |   157 |   111 |   133 ||   401
       Skin              |       |     4 |       ||     4
       Leather armour    |       |       |     4 ||     4
Dodge: Dodged            |   115 |    79 |    96 ||   290
Block: Buckler           |     2 |    38 |    83 ||   123
